Map: Abyssal Reef LE

Players

Kelazhur - Winner!

  • Race: Terran Terran
  • Spawn Location: 11:00

Bistork

  • Race: Protoss Protoss
  • Spawn Location: 5:00

Event: WCS Austin 2017

VOD

Have the link to the VOD?

Description

Time

  • Played on: April 28, 2017, 7:51 p.m.
  • Length: 6:26

All games in this series

Show
View Real Time Build Order
Export as new Build Order

Kelazhur Terran - Winner!

Build Orders: Cyclone Opening 

Get SALT Encoding   

  12  0:00  SCV  
  13  0:12  SCV  
  14  0:18  Supply Depot  
  14  0:24  SCV  
  15  0:40  SCV  
  15  0:42  Barracks  
  16  0:46  Refinery  
  16  0:52  SCV  
  17  0:57  Refinery  
  17  1:04  SCV  
  18  1:16  SCV  
  19  1:29  Orbital Command  
  19  1:30  Reaper  
  20  1:33  Supply Depot  
  20  1:47  Factory  
  20  1:55  SCV  
  21  2:04  Reaper  
  21  2:07  SCV  
  23  2:19  SCV  
  24  2:31  Cyclone, SCV  
  24  2:36  Starport  
  28  2:43  SCV  
  29  2:55  SCV  
  29  2:59  Supply Depot  
  29  3:03  Cyclone  
  32  3:07  SCV  
  33  3:14  Viking  
  33  3:19  SCV  
  36  3:31  SCV  
  37  3:35  Command Center  
  37  3:44  Cyclone  
  37  3:47  SCV  
  41  3:56  Supply Depot  
  41  3:59  SCV  
  42  4:05  Barracks  
  42  4:11  SCV  
  43  4:18  Starport Tech Lab  
  43  4:21  Factory Reactor  
  43  4:22  Barracks  
  43  4:34  SCV  
  43  4:46  Cloaking Field, Banshee  
  43  4:50  SCV  
  44  4:53  Orbital Command  
  44  5:00  Barracks Tech Lab  
  44  5:05  SCV  
  45  5:11  Barracks Reactor  
  45  5:17  Bunker  
  45  5:18  Marine x2  
  45  5:19  Marine  
  45  5:21  SCV  
  49  5:26  Factory Reactor  
  49  5:27  SCV  
  50  5:29  Banshee  
  50  5:33  Refinery  
  50  5:34  SCV  
  54  5:36  Refinery, Engineering Bay  
  54  5:39  Marine x3, SCV  
  58  5:45  Supply Depot  
  58  5:46  SCV  
  58  5:49  Marine x2  
  61  5:51  SCV  
  62  5:58  SCV  
  62  5:59  Marine x3  
  66  6:07  SCV  
  66  6:10  Supply Depot  
Show
View Real Time Build Order
Export as new Build Order

Bistork Protoss 

Build Orders: Phoenix Opening 

Get SALT Encoding   

  12  0:01  Probe (Chrono Boost)  
  13  0:12  Probe (Chrono Boost)  
  14  0:17  Pylon  
  14  0:22  Probe (Chrono Boost)  
  16  0:35  Probe (Chrono Boost)  
  16  0:38  Gateway  
  16  0:46  Probe (Chrono Boost)  
  16  0:47  Assimilator  
  17  0:56  Probe (Chrono Boost)  
  18  1:07  Probe (Chrono Boost)  
  19  1:22  Probe (Chrono Boost)  
  20  1:25  Cybernetics Core  
  20  1:28  Zealot  
  20  1:30  Assimilator  
  22  1:33  Probe (Chrono Boost)  
  22  1:35  Pylon  
  23  1:54  Probe (Chrono Boost)  
  24  2:05  Mothership Core (Chrono Boost), Adept  
  26  2:21  Warp Gate  
  25  2:23  Probe (Chrono Boost)  
  26  2:35  Probe (Chrono Boost)  
  27  2:41  Adept  
  25  2:50  Probe (Chrono Boost)  
  27  2:57  Nexus  
  26  3:03  Probe (Chrono Boost)  
  26  3:13  Stargate  
  26  3:20  Probe (Chrono Boost)  
  27  3:31  Probe (Chrono Boost)  
  28  3:38  Pylon  
  28  3:51  Probe (Chrono Boost)  
  28  3:54  Phoenix  
  32  4:04  Probe (Chrono Boost)  
  30  4:18  Gateway  
  30  4:19  Gateway  
  28  4:33  Adept  
  28  4:35  Phoenix  
  30  4:42  Probe (Chrono Boost)  
  30  4:43  Probe (Chrono Boost)  
  30  4:55  Adept  
  32  5:03  Pylon  
  32  5:18  Phoenix  
  34  5:33  Probe (Chrono Boost)  
  34  5:34  Pylon  
  35  5:40  Phoenix  
  37  5:51  Nexus  
  37  6:01  Probe (Chrono Boost)  
  38  6:10  Pylon  
  38  6:12  Probe (Chrono Boost)  
  38  6:18  Robotics Facility  
Tags
 
Add a new tag
Caveats
  • Supply blocks, unpowered buildings, or Contaminate may cause inaccurate times.
  • Supply counts are checked every 10 seconds.